Match 39708835
Unlisted

Match 39708835
End
Pioneer Squad
Construct Infanterie Kompanie
MG 42 Machine Gun Team
Selects Terror Battlegroup
Selects Machine Gun Camouflage
Grenadier Squad
MG 42 Machine Gun Team
GrW 34 Mortar Team
Construct Luftwaffe Kompanie
Jäger Squad
Medical Bunker
Luftwaffe Officer Quarters
Support Elements
Jäger Squad
Wirbelwind Flakpanzer
Jäger Squad
Selects No Quarter
Marder III M Tank Destroyer
Construct Panzergrenadier Kompanie
251 Medium Carrier
Panzergrenadier Officer Quarters
Forward Retreat Point
Selects King Tiger Heavy Tank
King Tiger Heavy Tank
Construct Panzer Kompanie
Selects Contempt for the Weak
Panzer Officer Quarters
Selects Propaganda Leaflet Drop
Repair Bunker
Propaganda Leaflet Drop
Selects V1 Rocket Strike
实力不足只能当老六了
诛灭伪帝
braindamage
Bruistablet
0
0

Comments sign in to comment!

No comments posted yet!